[ PARTIDA AOE2 · #495153728 ]
UnrankedShu vs Khitans
Equipo del jugador · DERR
Equipo rival · VICT
[ ANÁLISIS DE REPETICIÓN · EXTRAÍDO DE LA PARTIDA GRABADA ]
Feudal
11:02
Castillos
21:34
Imperial
—
| APM promedio | 77.9 |
| APM pico | 137 |
| eAPM promedio | 24.3 |
| Aldeanos / militares | 109 / 135 |
Foco
⚔️ 36.5% · 🌾 63.5%
Spearman ×74 · Archer ×52 · Militia ×4 · Battering Ram ×3 · Mangonel ×2
Feudal
9:41
Castillos
31:26
Imperial
—
| APM promedio | 43.1 |
| APM pico | 73 |
| eAPM promedio | 19.0 |
| Aldeanos / militares | 74 / 98 |
Foco
⚔️ 36.3% · 🌾 63.7%
Scout Cavalry ×88 · Unknown (1920) ×15 · Scorpion ×6 · Battering Ram ×3 · Monk ×1
Mapa de la partida
Recursos iniciales + cada clic de construcción. Líneas = muros · curvas = relieve. ◆ oro · ⬟ piedra · ● bayas · ✦ reliquia · ◌ hueco del cierre
Tu base· ✓ Cerrada en 21:34 · 62t muro · 1 puerta(s)
Base de zz_Highway· ✓ Cerrada en 31:26 · 29t muro · sin puerta
Terreno inicial suavizado · ◌ = hueco del cierre detectado · pasá el cursor para detalles
Inputs por minuto
— Fs.ShaDoWn - - zz_Highway
Build order — Fs.ShaDoWn
Primeras 150 de 336 acciones detectadas
| 0:00 | Crear | Villager (Male) |
| 0:01 | Crear | Villager (Male) |
| 0:01 | Crear | Villager (Male) |
| 0:02 | Construir | House |
| 0:03 | Construir | House |
| 0:10 | Crear | Villager (Male) |
| 0:11 | Crear | Villager (Male) |
| 1:29 | Crear | Villager (Male) |
| 1:30 | Crear | Villager (Male) |
| 1:49 | Crear | Villager (Male) |
| 1:49 | Crear | Villager (Male) |
| 2:05 | Construir | Lumber Camp |
| 2:22 | Crear | Villager (Male) |
| 2:23 | Crear | Villager (Male) |
| 2:37 | Crear | Villager (Male) |
| 3:18 | Crear | Villager (Male) |
| 3:19 | Crear | Villager (Male) |
| 3:29 | Crear | Villager (Male) |
| 3:29 | Crear | Villager (Male) |
| 3:49 | Construir | House |
| 3:50 | Construir | House |
| 4:09 | Crear | Villager (Male) |
| 4:31 | Crear | Villager (Male) |
| 5:05 | Crear | Villager (Male) |
| 5:05 | Crear | Villager (Male) |
| 5:11 | Construir | Barracks |
| 5:24 | Crear | Villager (Male) |
| 5:24 | Crear | Villager (Male) |
| 5:45 | Crear | Villager (Male) |
| 5:45 | Crear | Villager (Male) |
| 5:46 | Crear | Villager (Male) |
| 6:16 | Construir | House |
| 6:17 | Construir | Palisade Wall |
| 6:21 | Crear | Militia |
| 6:21 | Crear | Militia |
| 6:22 | Crear | Militia |
| 6:24 | Crear | Villager (Male) |
| 6:48 | Construir | House |
| 6:51 | Construir | Palisade Wall |
| 7:07 | Crear | Militia |
| 7:37 | Crear | Villager (Male) |
| 7:37 | Crear | Villager (Male) |
| 7:38 | Crear | Villager (Male) |
| 7:49 | Construir | Palisade Wall |
| 7:50 | Crear | Villager (Male) |
| 8:11 | Construir | Mining Camp |
| 8:26 | Crear | Villager (Male) |
| 8:42 | Investigar | Feudal Age |
| 8:42 | Investigar | Feudal Age |
| 8:49 | Construir | Palisade Wall |
| 9:56 | Investigar | Loom |
| 9:56 | Investigar | Loom |
| 9:59 | Construir | Lumber Camp |
| 10:38 | Construir | Mill |
| 10:41 | Construir | Palisade Wall |
| 11:02 | Edad | Edad Feudal |
| 11:11 | Investigar | Man-at-Arms (upgrade) |
| 11:11 | Investigar | Man-at-Arms (upgrade) |
| 11:14 | Investigar | Double-Bit Axe |
| 11:14 | Investigar | Double-Bit Axe |
| 11:14 | Crear | Villager (Male) |
| 11:15 | Crear | Villager (Male) |
| 11:53 | Crear | Villager (Male) |
| 11:53 | Crear | Villager (Male) |
| 11:55 | Construir | Archery Range |
| 12:04 | Investigar | Horse Collar |
| 12:05 | Crear | Villager (Male) |
| 12:05 | Crear | Villager (Male) |
| 12:21 | Construir | Farm |
| 12:30 | Construir | Palisade Wall |
| 12:53 | Crear | Villager (Male) |
| 12:53 | Crear | Villager (Male) |
| 12:55 | Construir | Farm |
| 13:01 | Construir | Palisade Wall |
| 13:02 | Construir | Palisade Wall |
| 13:07 | Construir | Palisade Gate |
| 13:08 | Crear | Archer |
| 13:09 | Crear | Archer |
| 13:09 | Crear | Archer |
| 13:11 | Crear | Villager (Male) |
| 13:11 | Crear | Villager (Male) |
| 13:14 | Construir | House |
| 13:34 | Crear | Spearman |
| 13:41 | Construir | Farm |
| 13:46 | Construir | Farm |
| 13:47 | Construir | Farm |
| 13:49 | Construir | House |
| 13:50 | Construir | House |
| 13:54 | Crear | Archer |
| 13:58 | Construir | Farm |
| 14:05 | Crear | Spearman |
| 14:05 | Crear | Spearman |
| 14:11 | Crear | Villager (Male) |
| 14:13 | Construir | Farm |
| 14:16 | Construir | Farm |
| 14:22 | Construir | House |
| 14:49 | Crear | Villager (Male) |
| 14:50 | Crear | Villager (Male) |
| 14:51 | Construir | Farm |
| 14:52 | Construir | Farm |
| 14:54 | Crear | Archer |
| 15:00 | Construir | Farm |
| 15:03 | Crear | Archer |
| 15:10 | Crear | Villager (Male) |
| 15:10 | Crear | Villager (Male) |
| 15:14 | Construir | Blacksmith |
| 15:18 | Crear | Spearman |
| 15:19 | Crear | Villager (Male) |
| 15:25 | Construir | House |
| 15:26 | Construir | House |
| 16:07 | Investigar | Fletching |
| 16:07 | Investigar | Fletching |
| 16:10 | Construir | Farm |
| 16:24 | Crear | Villager (Male) |
| 16:26 | Construir | Farm |
| 16:27 | Crear | Villager (Male) |
| 16:32 | Crear | Archer |
| 16:32 | Crear | Archer |
| 17:13 | Crear | Villager (Male) |
| 17:15 | Construir | Farm |
| 17:17 | Construir | Farm |
| 17:18 | Construir | Farm |
| 17:25 | Construir | Market |
| 17:33 | Construir | Farm |
| 17:33 | Crear | Villager (Male) |
| 18:52 | Construir | Archery Range |
| 18:54 | Investigar | Castle Age |
| 18:54 | Investigar | Castle Age |
| 18:56 | Investigar | Padded Archer Armor |
| 18:58 | Crear | Archer |
| 18:58 | Crear | Archer |
| 19:05 | Construir | House |
| 19:07 | Construir | Palisade Wall |
| 19:12 | Construir | House |
| 19:17 | Construir | Palisade Wall |
| 19:33 | Crear | Archer |
| 19:48 | Crear | Villager (Male) |
| 19:52 | Crear | Archer |
| 19:52 | Crear | Archer |
| 20:01 | Construir | House |
| 20:03 | Construir | House |
| 20:15 | Construir | House |
| 20:18 | Construir | House |
| 20:22 | Construir | House |
| 20:23 | Crear | Archer |
| 20:23 | Crear | Archer |
| 20:29 | Construir | House |
| 20:35 | Construir | House |
| 20:43 | Construir | House |
| 20:44 | Crear | Archer |
Build order — zz_Highway
Primeras 150 de 303 acciones detectadas
| 0:01 | Crear | Villager (Male) |
| 0:01 | Crear | Villager (Male) |
| 0:02 | Construir | House |
| 0:03 | Construir | House |
| 0:16 | Crear | Villager (Male) |
| 0:36 | Crear | Villager (Male) |
| 1:24 | Crear | Villager (Male) |
| 1:52 | Construir | Lumber Camp |
| 1:54 | Crear | Villager (Male) |
| 2:22 | Crear | Villager (Male) |
| 2:54 | Crear | Villager (Male) |
| 2:55 | Crear | Villager (Male) |
| 3:39 | Crear | Villager (Male) |
| 3:58 | Construir | House |
| 4:06 | Crear | Villager (Male) |
| 4:18 | Crear | Villager (Male) |
| 4:34 | Crear | Villager (Male) |
| 4:50 | Crear | Villager (Male) |
| 4:58 | Crear | Villager (Male) |
| 5:10 | Crear | Villager (Male) |
| 5:31 | Construir | Mill |
| 5:32 | Crear | Villager (Male) |
| 5:36 | Construir | House |
| 6:37 | Investigar | Loom |
| 6:49 | Construir | House |
| 6:51 | Construir | Palisade Wall |
| 7:22 | Investigar | Feudal Age |
| 7:43 | Construir | Palisade Wall |
| 7:48 | Construir | Palisade Wall |
| 7:54 | Construir | Palisade Wall |
| 7:55 | Construir | Palisade Wall |
| 7:57 | Construir | Palisade Wall |
| 8:44 | Construir | House |
| 8:49 | Construir | Palisade Wall |
| 8:52 | Construir | House |
| 8:54 | Construir | Palisade Wall |
| 8:58 | Construir | Palisade Wall |
| 9:41 | Edad | Edad Feudal |
| 9:45 | Construir | Mining Camp |
| 9:52 | Crear | Villager (Male) |
| 9:58 | Construir | Barracks |
| 10:15 | Crear | Villager (Male) |
| 10:43 | Crear | Villager (Male) |
| 10:44 | Crear | Villager (Male) |
| 10:47 | Construir | Stable |
| 10:59 | Crear | Villager (Male) |
| 11:06 | Construir | Lumber Camp |
| 11:12 | Crear | Villager (Male) |
| 11:27 | Crear | Villager (Male) |
| 11:39 | Crear | Scout Cavalry |
| 11:55 | Construir | Pasture |
| 11:57 | Crear | Scout Cavalry |
| 12:00 | Crear | Villager (Male) |
| 12:04 | Crear | Villager (Male) |
| 12:18 | Crear | Scout Cavalry |
| 12:22 | Construir | House |
| 12:27 | Crear | Villager (Male) |
| 12:33 | Construir | Pasture |
| 12:41 | Construir | Palisade Wall |
| 12:43 | Construir | Palisade Wall |
| 13:01 | Crear | Scout Cavalry |
| 13:02 | Crear | Villager (Male) |
| 13:06 | Construir | Pasture |
| 13:17 | Construir | Pasture |
| 13:34 | Crear | Villager (Male) |
| 13:48 | Construir | House |
| 13:50 | Construir | Palisade Wall |
| 13:52 | Crear | Villager (Male) |
| 13:59 | Construir | House |
| 14:00 | Construir | House |
| 14:04 | Crear | Villager (Male) |
| 14:10 | Crear | Villager (Male) |
| 14:23 | Crear | Villager (Male) |
| 14:53 | Construir | Pasture |
| 15:02 | Construir | Blacksmith |
| 15:04 | Crear | Scout Cavalry |
| 15:05 | Crear | Villager (Male) |
| 15:14 | Construir | House |
| 15:17 | Crear | Scout Cavalry |
| 15:23 | Construir | House |
| 15:25 | Construir | House |
| 15:34 | Crear | Villager (Male) |
| 15:45 | Investigar | Double-Bit Axe |
| 15:56 | Crear | Scout Cavalry |
| 16:01 | Investigar | Forging |
| 16:04 | Crear | Scout Cavalry |
| 16:22 | Crear | Scout Cavalry |
| 16:27 | Investigar | Scale Barding Armor |
| 16:32 | Construir | Pasture |
| 16:43 | Crear | Scout Cavalry |
| 17:02 | Construir | House |
| 17:07 | Construir | Pasture |
| 17:11 | Crear | Scout Cavalry |
| 17:15 | Crear | Villager (Male) |
| 17:27 | Construir | House |
| 17:29 | Construir | Palisade Wall |
| 17:33 | Construir | House |
| 17:37 | Crear | Villager (Male) |
| 17:39 | Crear | Scout Cavalry |
| 17:43 | Crear | Scout Cavalry |
| 18:07 | Crear | Scout Cavalry |
| 18:10 | Construir | Pasture |
| 18:18 | Crear | Scout Cavalry |
| 18:32 | Crear | Scout Cavalry |
| 18:36 | Construir | Stable |
| 18:38 | Crear | Villager (Male) |
| 18:53 | Construir | Pasture |
| 18:56 | Construir | Pasture |
| 19:05 | Crear | Scout Cavalry |
| 19:06 | Crear | Villager (Male) |
| 19:09 | Construir | Mining Camp |
| 19:13 | Construir | Pasture |
| 19:17 | Construir | House |
| 19:18 | Construir | House |
| 19:20 | Construir | Palisade Wall |
| 19:21 | Crear | Villager (Male) |
| 19:34 | Crear | Scout Cavalry |
| 20:01 | Crear | Villager (Male) |
| 20:01 | Crear | Scout Cavalry |
| 20:02 | Crear | Scout Cavalry |
| 20:08 | Crear | Villager (Male) |
| 20:16 | Crear | Villager (Male) |
| 20:18 | Crear | Villager (Male) |
| 20:25 | Construir | Watch Tower |
| 20:29 | Crear | Scout Cavalry |
| 20:38 | Crear | Villager (Male) |
| 20:39 | Crear | Scout Cavalry |
| 20:46 | Construir | Pasture |
| 20:49 | Construir | Mining Camp |
| 21:00 | Crear | Scout Cavalry |
| 21:00 | Crear | Scout Cavalry |
| 21:06 | Construir | Pasture |
| 21:07 | Crear | Villager (Male) |
| 21:32 | Crear | Scout Cavalry |
| 21:32 | Crear | Scout Cavalry |
| 21:33 | Crear | Scout Cavalry |
| 21:33 | Crear | Scout Cavalry |
| 21:48 | Crear | Scout Cavalry |
| 21:48 | Crear | Scout Cavalry |
| 21:49 | Crear | Villager (Male) |
| 22:12 | Crear | Scout Cavalry |
| 22:13 | Crear | Scout Cavalry |
| 22:34 | Construir | Mining Camp |
| 22:36 | Crear | Scout Cavalry |
| 22:37 | Crear | Scout Cavalry |
| 22:37 | Crear | Villager (Male) |
| 22:42 | Crear | Villager (Male) |
| 22:57 | Crear | Scout Cavalry |
| 22:58 | Crear | Scout Cavalry |
| 23:17 | Crear | Scout Cavalry |
Cronología de la partida
| 5:11 | Fs.ShaDoWn · first_building Barracks |
| 6:17 | Fs.ShaDoWn · wall_segment Palisade Wall x8 |
| 6:51 | Fs.ShaDoWn · wall_segment Palisade Wall x12 |
| 6:51 | zz_Highway · wall_segment Palisade Wall x1 |
| 7:43 | zz_Highway · wall_segment Palisade Wall x4 |
| 7:48 | zz_Highway · wall_segment Palisade Wall x3 |
| 7:49 | Fs.ShaDoWn · wall_segment Palisade Wall x10 |
| 7:54 | zz_Highway · wall_segment Palisade Wall x1 |
| 7:55 | zz_Highway · wall_segment Palisade Wall x1 |
| 7:57 | zz_Highway · wall_segment Palisade Wall x4 |
| 8:49 | Fs.ShaDoWn · wall_segment Palisade Wall x6 |
| 8:49 | zz_Highway · wall_segment Palisade Wall x1 |
| 8:54 | zz_Highway · wall_segment Palisade Wall x1 |
| 8:58 | zz_Highway · wall_segment Palisade Wall x1 |
| 9:41 | zz_Highway · age_up feudal |
| 9:58 | zz_Highway · first_building Barracks |
| 10:41 | Fs.ShaDoWn · wall_segment Palisade Wall x6 |
| 10:47 | zz_Highway · first_building Stable |
| 11:02 | Fs.ShaDoWn · age_up feudal |
| 11:55 | Fs.ShaDoWn · first_building Archery Range |
| 12:30 | Fs.ShaDoWn · wall_segment Palisade Wall x6 |
| 12:41 | zz_Highway · wall_segment Palisade Wall x1 |
| 12:43 | zz_Highway · wall_segment Palisade Wall x1 |
| 13:01 | Fs.ShaDoWn · wall_segment Palisade Wall x8 |
| 13:02 | Fs.ShaDoWn · wall_segment Palisade Wall x5 |
| 13:50 | zz_Highway · wall_segment Palisade Wall x7 |
| 17:29 | zz_Highway · wall_segment Palisade Wall x1 |
| 18:45 | Fs.ShaDoWn · first_market_buy 100 food |
| 19:07 | Fs.ShaDoWn · wall_segment Palisade Wall x1 |
| 19:17 | Fs.ShaDoWn · wall_segment Palisade Wall x1 |
| 19:20 | zz_Highway · wall_segment Palisade Wall x1 |
| 21:34 | Fs.ShaDoWn · age_up castle |
| 22:16 | Fs.ShaDoWn · first_market_sell 100 food |
| 24:33 | Fs.ShaDoWn · first_building Siege Workshop |
| 28:21 | zz_Highway · wall_segment Palisade Wall x1 |
| 28:28 | zz_Highway · first_market_buy 100 food |
| 31:26 | zz_Highway · age_up castle |
| 31:57 | zz_Highway · first_building Siege Workshop |
| 32:17 | zz_Highway · first_building Monastery |
| 33:41 | zz_Highway · first_building Castle |
| 35:51 | Fs.ShaDoWn · wall_segment Palisade Wall x3 |
| 39:16 | Fs.ShaDoWn · resign |
[ ANÁLISIS IA · 1 CRÉDITO ]
¿Qué pasó realmente en esta partida?
Wolo.gg analiza cada decisión: build order, eco, micro, errores típicos por bracket. Análisis personalizado por WhatsApp o Discord en 30 segundos.
Guía civ
Shu
Perfil
Fs.ShaDoWn